| TOP OF THE 1ST |
|
Houston Astros batting - Pitching for Toronto Blue Jays : RHP Gabe Nalley
|
|
Pitching: RHP Gabe Nalley
|
|
|
Batting: LHB Eric Katz
|
0-0: Called Strike 0-1: Swinging Strike 0-2: Foul Ball, location: 2F 0-2: Strikes out swinging, 2-3 out at first.
|
|
Batting: RHB Eric Chotkowski
|
0-0: Ball 1-0: Ball 2-0: Ball 3-0: Foul Ball, location: 2F 3-1: Base on Balls
|
|
Batting: LHB Jack Christie
|
0-0: Grounds into double play, 5-4-3 (Groundball, 56, EV 94.4 MPH)
|
| Top of the 1st over - 0 runs, 0 hits, 0 errors, 0 left on base; Houston 0 - Toronto 0 |
| BOTTOM OF THE 1ST |
|
Toronto Blue Jays batting - Pitching for Houston Astros : RHP Salisbury Swanson
|
|
Pitching: RHP Salisbury Swanson
|
|
|
Batting: LHB Michael Byrd
|
0-0: Ball 1-0: Foul Ball, location: 2F 1-1: Called Strike 1-2: Foul Ball, location: 2F 1-2: Strikes out swinging
|
|
Batting: LHB Jon Schick
|
0-0: Ball 1-0: Called Strike 1-1: SINGLE (Groundball, 4MD, EV 103.1 MPH)
|
|
Batting: SHB Matt Altieri
|
Pickoff Play to 1st, Runner tries for 2nd, OUT after rundown. 0-0: Called Strike 0-1: SINGLE (Groundball, 6MD, EV 94.4 MPH)
|
|
Batting: LHB Willis Robles
|
0-0: Called Strike 0-1: Ball 1-1: Swinging Strike 1-2: Ball 2-2: SINGLE (Groundball, 4MD, EV 106.2 MPH) Matt Altieri to second Runner from 2nd tries for 3rd, SAFE after rundown.
|
|
Batting: SHB Mark Rennie
|
0-0: Ball 1-0: Foul Ball, location: 2F 1-1: Called Strike 1-2: Ground out U3 (Groundball, 34S, EV 85.6 MPH)
|
| Bottom of the 1st over - 0 runs, 3 hits, 0 errors, 2 left on base; Houston 0 - Toronto 0 |
| TOP OF THE 2ND |
|
Houston Astros batting - Pitching for Toronto Blue Jays : RHP Gabe Nalley
|
|
Batting: SHB Rich Chavez
|
0-0: Ball 1-0: Called Strike 1-1: Foul Ball, location: 2F 1-2: Ball 2-2: Foul Ball, location: 2F 2-2: SOLO HOME RUN (Flyball, 7D, EV 101.9 MPH), Distance : 405 ft
|
|
Batting: SHB Joe Gardner
|
0-0: Ball 1-0: Called Strike 1-1: Ball 2-1: Ball 3-1: Called Strike 3-2: Ground out 4-3 (Groundball, 13, EV 77.5 MPH)
|
|
Batting: RHB Chris Lane
|
0-0: Foul Ball, location: 2F 0-1: Foul Ball, location: 2F 0-2: Ball 1-2: Foul Ball, location: 2F 1-2: Foul Ball, location: 2F 1-2: Ground out 6-3 (Groundball, 6, EV 99.4 MPH)
|
|
Batting: RHB Jeremy Trump
|
0-0: Ball 1-0: Ground out 6-3 (Groundball, 6MD, EV 108.8 MPH)
|
| Top of the 2nd over - 1 run, 1 hit, 0 errors, 0 left on base; Houston 1 - Toronto 0 |
| BOTTOM OF THE 2ND |
|
Toronto Blue Jays batting - Pitching for Houston Astros : RHP Salisbury Swanson
|
|
Batting: LHB Nate Dean
|
0-0: Ball 1-0: Foul Ball, location: 2F 1-1: Swinging Strike 1-2: Strikes out swinging
|
|
Batting: RHB Brock Van Gilder
|
0-0: Called Strike 0-1: Ball 1-1: Foul Ball, location: 2F 1-2: Foul Ball, location: 2F 1-2: Ball 2-2: Foul Ball, location: 2F 2-2: Strikes out swinging
|
|
Batting: RHB Alex Ramos
|
0-0: Foul Ball, location: 2F 0-1: Ball 1-1: Ball 2-1: Ball 3-1: Foul Ball, location: 2F 3-2: Ground out 5-3 (Groundball, 56S, EV 63.8 MPH)
|
| Bottom of the 2nd over - 0 runs, 0 hits, 0 errors, 0 left on base; Houston 1 - Toronto 0 |
| TOP OF THE 3RD |
|
Houston Astros batting - Pitching for Toronto Blue Jays : RHP Gabe Nalley
|
|
Batting: RHB Elijah Hunter
|
0-0: Ball 1-0: Foul Ball, location: 2F 1-1: Ball 2-1: Called Strike 2-2: Ball 3-2: Foul Ball, location: 2F 3-2: DOUBLE (Flyball, 78XD, EV 114.4 MPH)
|
|
Batting: SHB Troy Kenyon
|
0-0: Swinging Strike 0-1: Called Strike 0-2: Ball 1-2: Strikes out swinging
|
|
Batting: LHB Eric Katz
|
0-0: Ball 1-0: 2-RUN HOME RUN (Flyball, 8LXD, EV 110.6 MPH), Distance : 445 ft
|
|
Batting: RHB Eric Chotkowski
|
0-0: Called Strike 0-1: Called Strike 0-2: Ball 1-2: Ball 2-2: Ball 3-2: Foul Ball, location: 2F 3-2: Strikes out swinging
|
|
Batting: LHB Jack Christie
|
0-0: Called Strike 0-1: Swinging Strike 0-2: Foul Ball, location: 2F 0-2: Ball 1-2: Strikes out swinging
|
| Top of the 3rd over - 2 runs, 2 hits, 0 errors, 0 left on base; Houston 3 - Toronto 0 |
| BOTTOM OF THE 3RD |
|
Toronto Blue Jays batting - Pitching for Houston Astros : RHP Salisbury Swanson
|
|
Batting: SHB Dominik Hasek II
|
0-0: Called Strike 0-1: Ground out 4-3 (Groundball, 4, EV 90.0 MPH)
|
|
Batting: LHB Michael Byrd
|
0-0: Called Strike 0-1: Called Strike 0-2: Ground out 4-3 (Groundball, 34D, EV 84.4 MPH)
|
|
Batting: LHB Jon Schick
|
0-0: Foul Ball, location: 2F 0-1: Swinging Strike 0-2: Ball 1-2: Ball 2-2: Ball 3-2: Strikes out swinging
|
| Bottom of the 3rd over - 0 runs, 0 hits, 0 errors, 0 left on base; Houston 3 - Toronto 0 |
| TOP OF THE 4TH |
|
Houston Astros batting - Pitching for Toronto Blue Jays : RHP Gabe Nalley
|
|
Pitching: RHP Andres Lozano
|
|
|
Batting: SHB Rich Chavez
|
0-0: Foul Ball, location: 2F 0-1: SINGLE (Line Drive, 8RS, EV 87.5 MPH)
|
|
Batting: SHB Joe Gardner
|
0-0: Ball 1-0: Ball 2-0: Foul Ball, location: 2F 2-1: Foul Ball, location: 2F 2-2: Ball 3-2: Fielders Choice at 2nd, 4-6 (Groundball, 4, EV 105.0 MPH)
|
|
Batting: RHB Chris Lane
|
0-0: Called Strike 0-1: Foul Ball, location: 2F 0-2: Ball 1-2: Ball 2-2: Foul Ball, location: 2F 2-2: Foul Ball, location: 2F 2-2: Ball 3-2: Ground out 4-3 (Groundball, 34, EV 102.5 MPH) Joe Gardner to second
|
|
Batting: RHB Jeremy Trump
|
0-0: Ball 1-0: Ground out 4-3 (Groundball, 4M, EV 107.5 MPH)
|
| Top of the 4th over - 0 runs, 1 hit, 0 errors, 1 left on base; Houston 3 - Toronto 0 |
| BOTTOM OF THE 4TH |
|
Toronto Blue Jays batting - Pitching for Houston Astros : RHP Salisbury Swanson
|
|
Pitching: LHP Curt Joseph
|
|
|
Batting: SHB Matt Altieri
|
0-0: Ball 1-0: Called Strike 1-1: Foul Ball, location: 2F 1-2: Ball 2-2: Ball 3-2: Base on Balls
|
|
Batting: LHB Willis Robles
|
0-0: Called Strike 0-1: Called Strike 0-2: Ball 1-2: DOUBLE (Line Drive, 7LS, EV 106.2 MPH) Matt Altieri to third
|
|
Batting: SHB Mark Rennie
|
0-0: SINGLE (Line Drive, 7S, EV 86.9 MPH) Matt Altieri scores Willis Robles to third Runner from 3rd tries for Home, SAFE, throw by LF to home
|
|
Batting: LHB Nate Dean
|
0-0: Ball 1-0: Called Strike 1-1: Called Strike 1-2: Foul Ball, location: 2F 1-2: Strikes out swinging
|
|
Batting: RHB Brock Van Gilder
|
0-0: Ball 1-0: Swinging Strike 1-1: Swinging Strike 1-2: Strikes out swinging
|
|
Batting: RHB Alex Ramos
|
0-0: Called Strike 0-1: Foul Ball, location: 2F 0-2: Ground out 5-3 (Groundball, 56D, EV 90.6 MPH)
|
| Bottom of the 4th over - 2 runs, 2 hits, 0 errors, 1 left on base; Houston 3 - Toronto 2 |
| TOP OF THE 5TH |
|
Houston Astros batting - Pitching for Toronto Blue Jays : RHP Andres Lozano
|
|
Now at C: Dylan Novakowski
|
|
|
Now at 1B: Kyle Scruggs
|
|
|
Now at 2B: Nate Dean
|
|
|
Now at 3B: John Loving
|
|
|
Now at SS: Brock Van Gilder
|
|
|
Batting: RHB Elijah Hunter
|
0-0: Ball 1-0: Ball 2-0: Ball 3-0: Called Strike 3-1: DOUBLE (Flyball, 89D, EV 105.6 MPH)
|
|
Batting: SHB Troy Kenyon
|
0-0: Called Strike 0-1: Ball 1-1: Hit by Pitch
|
|
Pinch Hitting: RHB Danny Merrill
|
0-0: Ball 1-0: Bunt - Flyout to 15 - DP at third! 1-3
|
|
Batting: RHB Eric Chotkowski
|
0-0: Ball 1-0: Fly out, F9 (Flyball, 9LS, EV 78.8 MPH)
|
| Top of the 5th over - 0 runs, 1 hit, 0 errors, 1 left on base; Houston 3 - Toronto 2 |
| BOTTOM OF THE 5TH |
|
Toronto Blue Jays batting - Pitching for Houston Astros : LHP Curt Joseph
|
|
Now at C: Jimmy Edlin
|
|
|
Now in RF: Bryce Hill
|
|
|
Batting: SHB Dominik Hasek II
|
0-0: Ball 1-0: DOUBLE (Line Drive, 9LS, EV 90.0 MPH)
|
|
Batting: SHB Dylan Novakowski
|
0-0: Ball 1-0: Ball 2-0: Ground out U3 (Groundball, 34, EV 93.1 MPH) Dominik Hasek II to third
|
|
Batting: LHB Jon Schick
|
0-0: Ball 1-0: SINGLE (Groundball, 4MD, EV 103.8 MPH) (infield hit) Dominik Hasek II scores
|
|
Batting: RHB Kyle Scruggs
|
0-0: Called Strike 0-1: Ball 1-1: Ball 2-1: Swinging Strike 2-2: Ball 3-2: Base on Balls Jon Schick to second
|
|
Pitching: RHP Bill Dillard
|
|
|
Batting: LHB Willis Robles
|
0-0: Ball 1-0: Ball 2-0: Ball 3-0: Base on Balls Jon Schick to third Kyle Scruggs to second
|
|
Batting: RHB Donny Burnside
|
0-0: Ball 1-0: SINGLE (Line Drive, 78S, EV 97.5 MPH) Jon Schick scores Kyle Scruggs to third Willis Robles to second Runner from 3rd tries for Home, SAFE, throw by LF to home
|
|
Batting: LHB Nate Dean
|
0-0: Ball 1-0: Swinging Strike 1-1: Swinging Strike 1-2: Ball 2-2: Strikes out swinging
|
|
Batting: RHB Brock Van Gilder
|
0-0: Ground out 6-3 (Groundball, 6M, EV 90.0 MPH)
|
| Bottom of the 5th over - 3 runs, 3 hits, 0 errors, 2 left on base; Houston 3 - Toronto 5 |
| TOP OF THE 6TH |
|
Houston Astros batting - Pitching for Toronto Blue Jays : RHP Andres Lozano
|
|
Pitching: RHP Luis Bautista
|
|
|
Batting: LHB Jack Christie
|
0-0: Ball 1-0: Fly out, F8 (Line Drive, 8RS, EV 99.4 MPH)
|
|
Batting: SHB Rich Chavez
|
0-0: Fly out, F4 (Line Drive, 4, EV 67.5 MPH)
|
|
Batting: SHB Joe Gardner
|
0-0: Ball 1-0: Ball 2-0: Ball 3-0: Base on Balls
|
|
Batting: RHB Chris Lane
|
0-0: Ball 1-0: Ball 2-0: Swinging Strike 2-1: Foul Ball, location: 2F 2-2: Strikes out looking
|
| Top of the 6th over - 0 runs, 0 hits, 0 errors, 1 left on base; Houston 3 - Toronto 5 |
| BOTTOM OF THE 6TH |
|
Toronto Blue Jays batting - Pitching for Houston Astros : RHP Bill Dillard
|
|
Pitching: RHP Aaron Shapiro
|
|
|
Batting: RHB John Loving
|
0-0: Ball 1-0: Swinging Strike 1-1: SOLO HOME RUN (Flyball, 89XD, EV 100.0 MPH), Distance : 413 ft
|
|
Pinch Hitting: RHB Danny Burnside
|
0-0: Ground out U3 (Groundball, 3L, EV 101.9 MPH)
|
|
Batting: SHB Dylan Novakowski
|
0-0: Ball 1-0: Ball 2-0: Ball 3-0: Called Strike 3-1: Fly out, F8 (Flyball, 8LD, EV 108.8 MPH)
|
|
Pinch Hitting: RHB Justin Powell
|
0-0: Ground out 5-3 (Groundball, 56S, EV 82.5 MPH)
|
| Bottom of the 6th over - 1 run, 1 hit, 0 errors, 0 left on base; Houston 3 - Toronto 6 |
| TOP OF THE 7TH |
|
Houston Astros batting - Pitching for Toronto Blue Jays : RHP Luis Bautista
|
|
Pitching: RHP Chase Schlong
|
|
|
Now in LF: Gabe Pace
|
|
|
Now in CF: Danny Burnside
|
|
|
Now in RF: Justin Powell
|
|
|
Batting: RHB Jeremy Trump
|
0-0: Ball 1-0: SINGLE (Line Drive, 8RS, EV 93.1 MPH)
|
|
Batting: RHB Elijah Hunter
|
0-0: Swinging Strike 0-1: Swinging Strike 0-2: Ball 1-2: Strikes out swinging
|
|
Batting: LHB Bryce Hill
|
0-0: Called Strike 0-1: Grounds into double play, 3-6-3 (Groundball, 3, EV 97.5 MPH)
|
| Top of the 7th over - 0 runs, 1 hit, 0 errors, 0 left on base; Houston 3 - Toronto 6 |
| BOTTOM OF THE 7TH |
|
Toronto Blue Jays batting - Pitching for Houston Astros : RHP Aaron Shapiro
|
|
Pitching: RHP John Mathis
|
|
|
Batting: RHB Kyle Scruggs
|
0-0: Foul Ball, location: 2F 0-1: Ball 1-1: Called Strike 1-2: Foul Ball, location: 2F 1-2: Ball 2-2: Foul Ball, location: 2F 2-2: SOLO HOME RUN (Flyball, 7D, EV 104.4 MPH), Distance : 416 ft
|
|
Batting: LHB Gabe Pace
|
0-0: Foul Ball, location: 2F 0-1: Ball 1-1: SINGLE (Groundball, 4D, EV 101.9 MPH)
|
|
Batting: RHB Donny Burnside
|
0-0: Ball 1-0: Ball Gabe Pace steals 2nd, throwing error, E2 Gabe Pace to third 2-0: Ball 3-0: Called Strike 3-1: Called Strike 3-2: Fly out, F4 (Popup, 3DF, EV 61.2 MPH)
|
|
Pinch Hitting: RHB Kirk Arp
|
0-0: Ground out 6-3 (Groundball, 6, EV 78.8 MPH) Gabe Pace scores
|
|
Batting: RHB Brock Van Gilder
|
0-0: Ball 1-0: Ball 2-0: Called Strike 2-1: SINGLE (Groundball, 56D, EV 111.9 MPH)
|
|
Batting: RHB John Loving
|
0-0: Called Strike Brock Van Gilder is caught stealing 2nd base 2-4
|
| Bottom of the 7th over - 2 runs, 3 hits, 1 error, 0 left on base; Houston 3 - Toronto 8 |
| TOP OF THE 8TH |
|
Houston Astros batting - Pitching for Toronto Blue Jays : RHP Chase Schlong
|
|
Pitching: RHP Junpei Yamazaki
|
|
|
Now at 2B: Kirk Arp
|
|
|
Batting: LHB Jimmy Edlin
|
0-0: Ball 1-0: DOUBLE (Line Drive, 89M, EV 96.2 MPH)
|
|
Batting: RHB Eric Chotkowski
|
0-0: Ball 1-0: Foul Ball, location: 2F 1-1: Ball 2-1: Ball 3-1: Foul Ball, location: 2F 3-2: Foul Ball, location: 2F 3-2: Foul Ball, location: 2F 3-2: Foul Ball, location: 2F 3-2: Strikes out swinging
|
|
Batting: LHB Jack Christie
|
0-0: Ball 1-0: Ball 2-0: Called Strike 2-1: Called Strike 2-2: Foul Ball, location: 2F 2-2: 2-RUN HOME RUN (Flyball, 7LD, EV 96.2 MPH), Distance : 376 ft
|
|
Batting: SHB Rich Chavez
|
0-0: Ball 1-0: Ball 2-0: Ball 3-0: Called Strike 3-1: Called Strike 3-2: Base on Balls
|
|
Batting: SHB Joe Gardner
|
0-0: Ball 1-0: Ball 2-0: Fly out, F7 (Flyball, 7S, EV 94.4 MPH)
|
|
Batting: RHB Chris Lane
|
0-0: Ball 1-0: Ball 2-0: Called Strike 2-1: Fly out, F6 (Popup, 6MD, EV 59.4 MPH)
|
| Top of the 8th over - 2 runs, 2 hits, 0 errors, 1 left on base; Houston 5 - Toronto 8 |
| BOTTOM OF THE 8TH |
|
Toronto Blue Jays batting - Pitching for Houston Astros : RHP John Mathis
|
|
Pitching: RHP Zack Evans
|
|
|
Batting: RHB John Loving
|
0-0: Called Strike 0-1: Ball 1-1: Ball 2-1: Ball 3-1: Foul Ball, location: 2F 3-2: SINGLE (Groundball, 25, EV 64.4 MPH) (infield hit)
|
|
Batting: RHB Danny Burnside
|
0-0: Ball 1-0: Reached on error, E1 (Groundball, 15, EV 43.8 MPH) John Loving to third
|
|
Batting: SHB Dylan Novakowski
|
0-0: Ball 1-0: Ground out 5-3 (Groundball, 56, EV 104.4 MPH) John Loving scores
|
|
Batting: RHB Justin Powell
|
0-0: Foul Ball, location: 2F 0-1: Ball 1-1: Swinging Strike 1-2: Ground out 1-3 (Groundball, 13, EV 66.9 MPH) Danny Burnside to third
|
|
Batting: RHB Kyle Scruggs
|
0-0: Ball 1-0: Called Strike 1-1: Ball 2-1: Called Strike 2-2: Foul Ball, location: 2F 2-2: Ball 3-2: Strikes out swinging
|
| Bottom of the 8th over - 1 run, 1 hit, 1 error, 1 left on base; Houston 5 - Toronto 9 |
| TOP OF THE 9TH |
|
Houston Astros batting - Pitching for Toronto Blue Jays : RHP Junpei Yamazaki
|
|
Pitching: RHP Gilberto Dominguez
|
|
|
Pinch Hitting: SHB Bryan Johnston
|
0-0: Ball 1-0: Ground out 2-3 (Groundball, 2R, EV 70.6 MPH)
|
|
Batting: RHB Elijah Hunter
|
0-0: Ball 1-0: Ball 2-0: Called Strike 2-1: Ball 3-1: Base on Balls
|
|
Batting: LHB Bryce Hill
|
0-0: Ball 1-0: Ball 2-0: Ball 3-0: Called Strike 3-1: Foul Ball, location: 2F 3-2: Base on Balls Elijah Hunter to second
|
|
Pitching: LHP Dylan Batstone
|
|
|
Batting: LHB Jimmy Edlin
|
0-0: Called Strike 0-1: Ball 1-1: Foul Ball, location: 2F 1-2: Ball 2-2: Strikes out swinging
|
|
Batting: RHB Eric Chotkowski
|
0-0: Called Strike 0-1: Ball 1-1: Swinging Strike 1-2: Foul Ball, location: 2F 1-2: Fly out, F9 (Flyball, 89M, EV 90.6 MPH)
|
| Top of the 9th over - 0 runs, 0 hits, 0 errors, 2 left on base; Houston 5 - Toronto 9 |
|